 Seeded DCSS version 0.29-a0-25-g7f48f510a0 (webtiles) character file.

Game seed: 10000000000011 (custom seed)

476 knot the Chopper (level 6, -1/47 HPs)
             Began as a Demonspawn Berserker on Jan 31, 2022.
             Was a Believer of Trog.
             Slain by an unseen horror (8 damage)
             ... on level 5 of the Dungeon.
             The game lasted 00:03:22 (3826 turns).

knot the Chopper (Demonspawn Berserker)             Turns: 3826, Time: 00:03:22

Health: -1/47      AC:  4    Str: 18    XL:     6   Next: 85%
Magic:  6/6        EV: 12    Int: 10    God:    Trog [**....]
Gold:   184        SH:  5    Dex: 12    Spells: 5/5 levels left

rFire   + . .      SeeInvis .   r - +0 war axe
rCold   . . .      Faith    .   (no shield)
rNeg    . . .      Spirit   .   q - +2 robe {rF+}
rPois   .          Reflect  +   (no helmet)
rElec   .          Harm     .   (no cloak)
rCorr   .          Rampage  .   (no gloves)
Will    .....                   (no boots)
Stlth   +.........              d - amulet of reflection
HPRegen 0.15/turn               (no ring)
MPRegen 0.20/turn               (no ring)

@: no status effects
A: magic regeneration, demonic touch 2
a: Renounce Religion, Berserk, Trog's Hand


You were on level 5 of the Dungeon.
You worshipped Trog.
Trog was pleased with you.
You visited 1 branch of the dungeon, and saw 5 of its levels.

You collected 184 gold pieces.

Inventory:

Hand Weapons
 r - a +0 war axe (weapon)
Missiles
 f - 103 stones (quivered)
 l - 2 poisoned darts
 p - 4 boomerangs
Armour
 q - a +2 robe of fire resistance (worn)
Jewellery
 d - an amulet of reflection (around neck)
Wands
 b - a wand of charming (6)
 o - a wand of flame (26)
Scrolls
 c - a scroll of amnesia {unknown}
 j - 2 scrolls of identify {unknown}
 m - 2 scrolls of blinking {unknown}
 n - a scroll of fog {unknown}
Potions
 e - a potion of curing {unknown}
 g - a potion of lignification {unknown}
 h - a potion of might {unknown}


   Skills:
 - Level 3.0 Fighting
 + Level 7.1 Axes
 - Level 1.7 Armour
 - Level 1.7 Dodging


You had 5 spell levels left.
You didn't know any spells.
Your spell library contained the following spells:

 Spells                   Type           Power      Damage    Failure   Level
 Corpse Rot               Necr/Air       0%         N/A       50%         2
 Ensorcelled Hibernation  Hex/Ice        0%         N/A       50%         2
 Passwall                 Tmut/Erth      0%         N/A       50%         2
 Poisonous Vapours        Pois/Air       0%         N/A       50%         2
 Swiftness                Air            0%         N/A       75%         3


Dungeon Overview and Level Annotations

Branches:
Dungeon (5/15)             Temple (0/1) D:4

Altars:

Shops:
D:3 [


Innate Abilities, Weirdness & Mutations

You regenerate magic rapidly.
Your touch may inflict irresistible damage on your foes.


Message History

The scorpion zombie hits you.
You hit the scorpion zombie.
You touch the scorpion zombie.
The scorpion zombie is severely damaged.
The scorpion zombie hits you.
You hit the scorpion zombie.
You touch the scorpion zombie.
You destroy the scorpion zombie!
Trog accepts your kill.
No target in view!
No target in view!
HP restored.
Found a stone staircase leading down.
No target in view!
There is a stone staircase leading down here.
Found 8 bolts.
No target in view!
No target in view!
No target in view!
You now have 174 gold pieces (gained 9).
You now have 184 gold pieces (gained 10).
Something hits you.
Deactivating autopickup; reactivate with Ctrl-A.
Something hits you. You block something's attack. Something hits you!
No target in view!
Something hits you. Something hits you!
You are too injured to fight recklessly!
You barely miss something. Something barely misses you. Something hits you!
* * * LOW HITPOINT WARNING * * *
Something hits you.
* * * LOW HITPOINT WARNING * * *
It was a potion of heal wounds.
You feel much better. Something hits you. Something hits you.
Something hits you! Something hits you.
* * * LOW HITPOINT WARNING * * *
Something hits you!
* * * LOW HITPOINT WARNING * * *
It was a potion of magic.
Magic courses through your body. Something hits you!
You die...

#..##..#<##.......#
####.###
#........#####.#### #.#
#........# #.# ### #.#
##.##.##.#####.####.## #.#
#.##................# #.#
#.#####.####.#......# #.#
#.....).##.....###..###>###
##########.###.##..........
#@# #......###....
#.###.............
#.....####..##....
###.....(...##....
#...#####.##.##. #...#
#.##.# . #...# #.##.# .
#...# #.##.# ..... ......


There were no monsters in sight!

Vanquished Creatures
  An ogre (D:3)
  2 scorpions (D:4)
  Dowan (D:4)
  An orc priest (D:4)
  A centaur skeleton (D:4)
  Ijyb (D:4)
  A scorpion zombie (D:5)
  5 adders
  2 orcs (D:4)
  6 endoplasms
  2 giant cockroaches
  5 goblins
  5 hobgoblins
  14 jackals
  A quokka (D:4)
  4 ball pythons
  7 bats
  5 frilled lizards
  3 kobolds
  5 rats
72 creatures vanquished.

Notes
Turn   | Place    | Note
-------+----------+-------------------------------------------
     0 | D:1      | knot the Demonspawn Berserker began the quest for the Orb.
     0 | D:1      | Reached XP level 1. HP: 18/18 MP: 1/1
   107 | D:1      | Reached skill level 3 in Axes
   291 | D:1      | Gained mutation: You regenerate magic rapidly. [demonic
                  | ancestry]
   291 | D:1      | Reached XP level 2. HP: 10/24 MP: 2/2
  1235 | D:2      | Gained mutation: Your touch may inflict minor irresistible
                  | damage on your foes. [demonic ancestry]
  1235 | D:2      | Reached XP level 3. HP: 27/29 MP: 3/3
  1379 | D:2      | Reached skill level 4 in Axes
  1618 | D:2      | Reached ** piety under Trog
  1831 | D:2      | Reached XP level 4. HP: 32/35 MP: 4/4
  2118 | D:3      | Noticed an ogre
  2137 | D:3      | Killed an ogre
  2138 | D:3      | Reached skill level 5 in Axes
  2138 | D:3      | Reached XP level 5. HP: 23/41 MP: 5/5
  2405 | D:3      | Found Daocsar's Antique Armour Emporium.
  2900 | D:4      | Found a staircase to the Ecumenical Temple.
  2921 | D:4      | Noticed Duvessa
  2921 | D:4      | Noticed Dowan
  2957 | D:4      | Noticed Duvessa
  2957 | D:4      | Duvessa changed into Duvessa the scorpion
  2962 | D:4      | Killed Duvessa the scorpion
  2963 | D:4      | Reached skill level 6 in Axes
  2963 | D:4      | Gained mutation: Your touch may inflict irresistible damage
                  | on your foes. [demonic ancestry]
  2963 | D:4      | Reached XP level 6. HP: 47/47 MP: 6/6
  2974 | D:4      | Killed Dowan
  3181 | D:4      | Noticed Ijyb
  3192 | D:4      | Killed Ijyb
  3193 | D:4      | Reached skill level 7 in Axes
  3659 | D:5      | Entered Level 5 of the Dungeon
  3826 | D:5      | Slain by an unseen horror

Illustrated notes

Levels and vault maps discovered:
D:1:      lordsloth_arrival_two_stooges, layout_basic, grunt_decor_fettered,
          minmay_misc_feat_diagonals, nicolae_concentric_dashed_squares_wild
D:2:      layout_rooms, hangedman_decor_clover_reticule
D:3:      layout_basic, serial_shops, shop, kennysheep_path_1
D:4:      layout_rooms, temple_doors_e, uniq_duvessa, uniq_ijyb
D:5:      layout_loops_cross, nicolae_uskayaw_suspiria, item_on_display_a

Skill      XL: |  1  2  3  4  5  6 |
---------------+-------------------+-----
Axes           | 3 4 5 6 7 |  7.1
Fighting       | |  3.0
Armour         | |  1.7
Dodging        | |  1.7

Action                   |  1- 3 |  4- 6 || total
-------------------------+-------+-------++-------
Melee: Hand axe          |   101 |    83 ||   184
       Touch             |     9 |    18 ||    27
       War axe           |       |     8 ||     8
       Punch             |       |     1 ||     1
Throw: Stone             |       |     5 ||     5
Invok: Berserk           |     2 |     4 ||     6
Evoke: Wand              |       |     8 ||     8
  Use: Potion            |       |     2 ||     2
Armor: Animal skin       |    26 |    11 ||    37
       Robe              |       |     3 ||     3
Dodge: Dodged            |    80 |    56 ||   136
Block: Other             |    18 |    22 ||    40
       Reflection        |       |     1 ||     1

Table legend: (Time is in decaauts)
 A = Elapsed time spent in this place.
 B = Non-inter-level travel time spent in this place.
 C = Inter-level travel time spent in this place.
 D = Time resting spent in this place.
 E = Time spent auto-exploring this place.
 F = Levels seen in this place.
 G = Mean time per level.
                   A        B        C        D        E       F      G
               +--------+--------+--------+--------+--------+-----+--------+
         Total |   3902 |   3714 |    188 |    928 |   2252 |   5 |  780.4 |
       Dungeon |   3902 |   3714 |    188 |    928 |   2252 |   5 |  780.4 |
               +--------+--------+--------+--------+--------+-----+--------+

Top non-repeatable levels by time:
     D:1: 1249 daAuts
     D:3: 918 daAuts
     D:2: 788 daAuts
     D:4: 779 daAuts
     D:5: 167 daAuts
